 Dungeon Crawl Stone Soup version 0.29-a0-284-gf9362112df (webtiles) character file.

Game seed: 18070826601168701842

126 spaghetti the Ducker (level 4, -6/55 HPs)
             Began as a Demigod Fighter on Mar 20, 2022.
             Killed from afar by an orc wizard (7 damage)
             ... with a magic dart
             ... on level 3 of the Dungeon.
             The game lasted 00:04:12 (2527 turns).

spaghetti the Ducker (Demigod Fighter)              Turns: 2527, Time: 00:04:13

Health: -6/55      AC: 22    Str: 17    XL:     4   Next: 54%
Magic:  0/6        EV:  2    Int: 10    God:
Gold:   107        SH:  5    Dex: 17    Spells: 3/3 levels left

rFire   + . .      SeeInvis .   a - +0 long sword {long}
rCold   . . .      Faith    .   c - +0 buckler
rNeg    + . .      Spirit   +   (body armour currently unavailable)
rPois   +          Reflect  .   (helmet currently unavailable)
rElec   .          Harm     .   (cloak currently unavailable)
rCorr   .          Rampage  .   (gloves currently unavailable)
Will    .....      NoTele   +   (boots currently unavailable)
Stlth   ++........              m - amulet of guardian spirit
HPRegen 0.18/turn               i - ring of protection from fire
MPRegen 0.10/turn               o - ring of positive energy

@: mighty, tree-form (expiring)
A: stationary, stasis, torment immunity, boosted hp, high MP 1, forlorn, divine
attributes
a: no special abilities


You were on level 3 of the Dungeon.
You were a tree.
You visited 1 branch of the dungeon, and saw 3 of its levels.

You collected 107 gold pieces.


Innate Abilities, Weirdness & Mutations

You are a tree.
Your roots penetrate the ground, keeping you stationary.
You cannot be teleported.
You are immune to unholy pain and torment.
Your maximum health is greatly increased.
Your equipment is partially melded.
You have an increased reservoir of magic. (+10% MP)
You shall have no god before yourself.
Your divine heritage dramatically boosts your attributes as you level up.


   Skills:
 - Level 2.6 Fighting
 - Level 1.7 Long Blades
 - Level 2.6 Armour
 + Level 4.1 Dodging
 - Level 2.6 Shields


You had 3 spell levels left.
You didn't know any spells.
Your spell library contained the following spells:

 Spells                   Type           Power      Damage    Failure   Level
 Malign Gateway           Summ/Tloc      0%         N/A       100%        7
 Summon Horrible Things   Summ           0%         N/A       100%        8

Inventory:

Hand Weapons
 a - a +0 long sword (weapon) {long}
Missiles
 f - 72 stones (quivered) {throwing}
 p - 3 boomerangs {throwing}
 q - 6 poisoned darts {throwing}
Armour
 b - a +0 scale mail
 c - a +0 buckler (worn)
 k - a +0 plate armour (melded)
   (You found it on level 1 of the Dungeon)
Jewellery
 i - a ring of protection from fire (left branch)
   (You found it on level 1 of the Dungeon)
 m - an amulet of guardian spirit (around neck)
   (You found it on level 2 of the Dungeon)
 o - a ring of positive energy (right branch)
   (You found it on level 2 of the Dungeon)
Scrolls
 g - a scroll of holy word
 j - 4 scrolls of identify {@r1}
 l - a scroll of immolation {!r!r}
 n - a scroll of fear
Potions
 d - 2 potions of might
 e - 2 potions of lignification {!q}

Dungeon Overview and Level Annotations

Branches:
Dungeon (3/15)

Annotations:
D:3 Sigmund

#.## .######.### #
..........##
#.#########..##
.........###..#
#..≈...≈..##..#
.......K...#..#
......oo{.⌠#..###
.....{o♣o.$#....#
#..≈...){.##.##.#
.........###.# .#
#.#########..# .#
#...........## .#
######.###### #.#.#
#.# #.#.#
#######.### #.#.#
.........<######...#


You could see 4 orcs and a kobold.


Message History

You nearly hit yourself!
The orc barely misses you. The orc hits you but does no damage.
The orc priest hits you with a +0 club. Something hits you but does no damage.
Sigmund barely misses you.
The orc wizard hits you but does no damage.
The orc hits you but does no damage. 😕 HP[-1]
You take 1 damage, and now have 43/55 hp.
You barely miss the orc wizard. The orc hits you but does no damage. x3
The orc priest mumbles some strange prayers to Beogh against you.
Beogh smites you!
You hear some strange, mumbled words.
A magic dart appears from out of thin air!
The magic dart hits you!
* * * LOW HITPOINT WARNING * * *
The orc hits you but does no damage.
The orc wizard hits you but does no damage. 😨 HP[-26] MP[-1]
You take 26 damage, and now have 17/55 hp.
MASSIVE DAMAGE!! (PAUSE)
You lost 1 mp, and now have 2/6 mp.
You closely miss the orc.
Sigmund casts a spell.
Sigmund flickers and vanishes!
The orc hits you but does no damage. The orc hits you with a +0 dagger.
* * * LOW HITPOINT WARNING * * *
The orc priest hits you but does no damage.
The orc hits you but does no damage.
You hear some strange, mumbled words.
Something tries to affect you, but you resist.
The orc wizard hits you but does no damage.
The orc hits you with a +0 short sword.
* * * LOW HITPOINT WARNING * * *
Something hits you but does no damage. The orc hits you but does no damage. x3
The orc priest hits you but does no damage. 😱 HP[-5] MP[-1]
You take 5 damage, and now have 12/55 hp.
You lost 1 mp, and now have 1/6 mp.
You nearly hit yourself!
Something hits you but does no damage.
The orc wizard hits you but does no damage.
The orc hits you but does no damage. x4
The orc priest hits you but does no damage.
Okay, then.
You are too confused!
You barely miss something.
You feel less confused. The orc hits you but does no damage.
The orc wizard hits you but does no damage.
Something hits you but does no damage. x2; You block the orc priest's attack.
The orc hits you but does no damage. x3; Something hits you.
* * * LOW HITPOINT WARNING * * *
The orc wizard hits you but does no damage.
The orc hits you but does no damage. 😱 HP[-1]
You take 1 damage, and now have 11/55 hp.
You slash the orc priest!
You kill the orc priest!
You hear a splash. x2
Your transformation is almost over.
Something hits you but does no damage. The orc hits you but does no damage.
The orc curses loudly.
The orc hits you but does no damage. The orc hits you with a +0 dagger.
The orc barely misses you. You block the orc wizard's attack.
You hear some strange, mumbled words.
Something tries to affect you, but you resist.
Your Dodging skill increases to level 4!
You hit the orc. The orc barely misses you.
The orc hits you but does no damage. x2; Something hits you but does no damage.
You block the orc's attack. Something hits you.
* * * LOW HITPOINT WARNING * * *
You block the orc wizard's attack. The orc hits you with a +0 dagger.
* * * LOW HITPOINT WARNING * * *
The orc hits you but does no damage. x2 😱 HP[-3]
You take 3 damage, and now have 8/55 hp.
You hit the orc wizard. You block the orc's attack.
Something hits you but does no damage.
The orc wizard gestures wildly while chanting.
The orc wizard flickers and vanishes!
Something hits you but does no damage.
The orc hits you but does no damage. x3; Something hits you but does no damage.
The orc barely misses you. Something hits you.
* * * LOW HITPOINT WARNING * * *
😱 HP[-2]
You take 2 damage, and now have 6/55 hp.
You cannot move.
You cannot move.
You cannot move.
You cannot move.
You barely miss the orc. The orc hits you but does no damage.
The orc hits you with a +0 short sword.
* * * LOW HITPOINT WARNING * * *
The orc hits you but does no damage. You block something's attack.
The orc hits you but does no damage.
You hear some strange, mumbled words.
A puff of flame appears from out of thin air!
The puff of flame hits you. You resist.
* * * LOW HITPOINT WARNING * * *
You hear some strange, mumbled words.
A magic dart appears from out of thin air!
The magic dart hits you!
You die...

Skill      XL: |  1  2  3  4 |
---------------+-------------+-----
Dodging        | 1 2 3 4 |  4.1
Fighting       | |  2.6
Long Blades    | |  1.7
Armour         | |  2.6
Shields        | |  2.6

Action                   |  1- 3 |  4- 6 || total
-------------------------+-------+-------++-------
Melee: Long sword        |   159 |    35 ||   194
Throw: Stone             |    54 |       ||    54
  Use: Scroll            |     6 |     1 ||     7
       Potion            |       |     3 ||     3
Armor: Scale mail        |    37 |       ||    37
       Plate armour      |    97 |    17 ||   114
       Skin              |       |    54 ||    54
Dodge: Dodged            |    57 |    19 ||    76
Block: Buckler           |    60 |    13 ||    73

Levels and vault maps discovered:
D:1:      elethiomel_arrival_infinity_welcomes_careful_drivers, layout_basic,
          chequers_ecumenical_altar_island
D:2:      minmay_inner_zag, layout_basic, basic_altar
D:3:      cheibrodos_pilgrimage, layout_loops_ring,
          nemelex_diamond_rough_becter, uniq_sigmund

Notes
Turn   | Place    | Note
-------+----------+-------------------------------------------
     0 | D:1      | spaghetti the Demigod Fighter began the quest for the Orb.
     0 | D:1      | Reached XP level 1. HP: 18/18 MP: 3/3
     0 | D:1      | magus.rc [v1.9.6]
   114 | D:1      | Reached skill level 1 in Dodging
   214 | D:1      | Reached XP level 2. HP: 25/25 MP: 4/4
   450 | D:1      | You add the spells Malign Gateway and Summon Horrible
                  | Things to your library.
   559 | D:1      | Reached skill level 2 in Dodging
  1443 | D:2      | Reached XP level 3. HP: 28/30 MP: 5/5
  1540 | D:2      | Reached skill level 3 in Dodging
  2013 | D:2      | Reached XP level 4. HP: 36/37 MP: 6/6
  2514 | D:3      | Noticed Sigmund
  2521 | D:3      | HP: 12/55 [orc/+0 short sword (3)]
  2525 | D:3      | Reached skill level 4 in Dodging
  2526 | D:3      | HP: 6/55 [something (2)]
  2527 | D:3      | HP: 1/55 [something/puff of flame (4)]
  2527 | D:3      | Killed from afar by an orc wizard

Vanquished Creatures
  An orc priest (D:3)
  4 adders (D:2)
  3 dart slugs
  3 ball pythons
  5 endoplasms
  4 giant cockroaches
  4 goblins
  5 hobgoblins
  3 jackals (D:1)
  7 bats
  2 frilled lizards
  6 kobolds
  4 rats
51 creatures vanquished.

Table legend:
 A = Non-vault XP
 B = Vault XP
 C = Vault XP percentage of total XP
 D = Non-vault monster count
 E = Vault monster count
 F = Vault count percentage of total count
                 A         B        C        D         E       F
            +---------+---------+-------+---------+---------+-------
      Total |     129 |      51 |  28.3 |      45 |       6 |  11.8
            +---------+---------+-------+---------+---------+-------
        D:1 |      41 |       0 |   0.0 |      22 |       0 |   0.0
        D:2 |      82 |      10 |  10.9 |      20 |       5 |  20.0
        D:3 |       6 |      41 |  87.2 |       3 |       1 |  25.0
            +---------+---------+-------+---------+---------+-------

Illustrated notes

Table legend:
 A = Kills in this place as a percentage of kills in entire the game.
 B = Kills by you in this place as a percentage of kills by you in the entire game.
 C = Kills by friends in this place as a percentage of kills by friends in the entire game.
 D = Other kills in this place as a percentage of other kills in the entire game.
 E = Experience gained in this place as a percentage of experience gained in the entire game.
 F = Experience gained in this place divided by the number of levels of this place that you have seen.
                   A       B       C       D       E      F
               +-------+-------+-------+-------+-------+----------------------
         Total | 100.0 | 100.0 |   N/A |   N/A | 100.0 |  60.0
       Dungeon | 100.0 | 100.0 |   N/A |   N/A | 100.0 |  60.0
               +-------+-------+-------+-------+-------+----------------------

Table legend: (Time is in decaauts)
 A = Elapsed time spent in this place.
 B = Non-inter-level travel time spent in this place.
 C = Inter-level travel time spent in this place.
 D = Time resting spent in this place.
 E = Time spent auto-exploring this place.
 F = Levels seen in this place.
 G = Mean time per level.
                   A        B        C        D        E       F      G
               +--------+--------+--------+--------+--------+-----+--------+
         Total |   2612 |   2514 |     98 |      0 |   1924 |   3 |  870.7 |
       Dungeon |   2612 |   2514 |     98 |      0 |   1924 |   3 |  870.7 |
               +--------+--------+--------+--------+--------+-----+--------+

Top non-repeatable levels by time:
     D:1: 1365 daAuts
     D:2: 1144 daAuts
     D:3: 102 daAuts
